 Dungeon Crawl Stone Soup version 0.20-a0-820-g557356e (webtiles) character file.

1422 Gorglomux the Grappler (level 8, -3/70 HPs)
             Began as a Troll Wanderer on Mar 4, 2017.
             Was a Believer of Okawaru.
             Shot with an arrow by a centaur (9 damage)
             ... on level 6 of the Dungeon.
             The game lasted 00:09:52 (3921 turns).

Gorglomux the Grappler (Troll Wanderer)             Turns: 3921, Time: 00:09:53

Health: -3/70      AC:  6    Str: 20    XL:     8   Next: 44%
Magic:  6/8        EV:  9    Int: 10    God:    Okawaru [**....]
Gold:   216        SH:  0    Dex: 10    Spells: 8/9 levels left

rFire    x . .     SeeInvis .     - Unarmed
rCold    + . .     Gourm    +   e - +0 robe
rNeg     . . .     Faith    .   (no shield)
rPois    .         Spirit   .   (helmet restricted)
rElec    .         Reflect  .   u - +0 cloak
rCorr    .         Harm     .   (gloves unavailable)
MR       .....                  (boots unavailable)
Stlth    +.........             (no amulet)
Regen    0.7/turn               (no ring)
MPRegen  0.2/turn               y - ring of ice (curse)

@: no status effects
A: unfitting armour, claws 3, fast metabolism 3, gourmand, regeneration 1,
shaggy fur 1, tough skin 2
a: Heroism, Renounce Religion


You were on level 6 of the Dungeon.
You worshipped Okawaru.
Okawaru was pleased with you.
You were completely stuffed.

You visited 2 branches of the dungeon, and saw 7 of its levels.

You collected 216 gold pieces.

Inventory:

Hand Weapons
 a - a +2 shortbow
Missiles
 b - 36 arrows
Armour
 e - a +0 robe (worn)
 u - a +0 cloak (worn)
Jewellery
 y - a cursed ring of ice (left claw)
Scrolls
 j - 2 scrolls of immolation {unknown}
 l - 3 scrolls of recharging {unknown}
 s - 2 scrolls of fog {unknown}
 t - 3 scrolls of remove curse
 x - 2 scrolls of magic mapping {unknown}
 A - 2 scrolls of teleportation {unknown}
 D - a scroll of identify {unknown}
Potions
 g - a potion of brilliance {unknown}
 h - 4 potions of haste {unknown}
 k - a potion of heal wounds {unknown}
 m - a potion of flight {unknown}
 q - a potion of lignification {unknown}
 z - a potion of curing {unknown}
 B - 2 potions of mutation {unknown}
Books
 c - the Tome of Necromancy

   Spells                             Type                      Level
   a - Pain                           Necromancy                   1
   b - Regeneration                   Charms/Necromancy            3
 d - the Incunabulum of Creation

   Spells                             Type                      Level
   a - Summon Small Mammal            Summoning                    1
   b - Recall                         Summoning/Translocation      3
Comestibles
 f - 4 bread rations
 o - a fruit
 r - 3 meat rations
 w - 5 royal jellies
 E - 2 chunks of flesh


   Skills:
 - Level 1.0 Fighting
 - Level 1.1 Bows
 - Level 1.0 Throwing
 - Level 1.0 Dodging
 - Level 1.0 Stealth
 + Level 10.3 Unarmed Combat
 - Level 1.0 Spellcasting
 - Level 2.1 Summonings
   Level 1.0 Transmutations


You had 8 spell levels left.
You knew the following spells:

 Your Spells              Type           Power        Failure   Level  Hunger
a - Summon Small Mammal   Summ           #...         17%         1    ##.....


Dungeon Overview and Level Annotations

Branches:
Dungeon (6/15)             Temple (1/1) D:4

Altars:
Gozag
Okawaru
Ru
Zin
The Shining One

Annotations:
D:6 Menkaure


Innate Abilities, Weirdness & Mutations

You are too large for most types of armour.
You have claws for hands.
Your metabolism is lightning-fast.
You like to eat raw meat.
Your natural rate of healing is unusually fast.
You are covered in fur. (AC +1)
You have very tough skin. (AC +2)


Message History

* * * LOW HITPOINT WARNING * * *
You see here an arrow.
You swap places.
The centaur shoots an arrow.
The arrow hits your rat!
Your rat dies!
Your rat's corpse disappears in a puff of smoke!
The centaur shoots an arrow.
The arrow hits you!
* * * LOW HITPOINT WARNING * * *
The centaur shoots an arrow.
The arrow hits you!
* * * LOW HITPOINT WARNING * * *
You see here 2 arrows.
Menkaure calls on the powers of darkness!
The centaur convulses!
Your body is wracked with pain!
* * * LOW HITPOINT WARNING * * *
The centaur shoots an arrow.
The arrow closely misses you.
You see here an arrow.
Casting: Summon Small Mammal
Confirm with . or Enter, or press ? or * to list all spells.
The centaur shoots an arrow.
The arrow barely misses your rat. The arrow hits you!
You die...

##.####.######..#
............).c.#
#.####.#####M).#####
#....####.#.....#
#.#.....#.#.....#
...#.###.#(#.....#
......# #.#r#.....#
....#####
#.#(##).### .#..
#<#@###.# ## ###.#
.# ..# .. #... #.#
.... .. ##...# ..#
##### #.#


You could see Menkaure, a centaur and a friendly rat.

Vanquished Creatures
  The ghost of Gorglomux the Grappler, a novice TrWn of Okawaru (D:5)
  A sky beast (D:5)
  A phantom (D:3)
  6 scorpions (D:5)
  A howler monkey (D:5)
  A crimson imp (D:5)
  A centaur zombie (D:5)
  Crazy Yiuf (D:3)
  3 orc priests
  A hound (D:5)
  Ijyb (D:2)
  3 orc wizards
  A bullfrog skeleton (D:5)
  2 worker ants (D:4)
  A howler monkey skeleton (D:4)
  8 adders
  4 worms
  2 adder skeletons (D:4)
  3 dart slugs
  5 orcs
  14 bats
  2 giant cockroaches (D:3)
  9 goblins
  4 hobgoblins
  10 jackals
  A ball python skeleton (D:5)
  3 frilled lizards
  A jackal skeleton (D:4)
  13 kobolds
  9 rats
  A fungus (D:5)
114 creatures vanquished.

Vanquished Creatures (others)
  2 fungi (D:5)
2 creatures vanquished.

Grand Total: 116 creatures vanquished

Notes
Turn   | Place    | Note
-------+----------+-------------------------------------------
     0 | D:1      | Gorglomux the Troll Wanderer began the quest for the Orb.
     0 | D:1      | Gorglomux set off with: a +2 shortbow, 19 arrows, the Tome of Necromancy, the Incunabulum of Creation, a +0 robe, 2 bread rations
     0 | D:1      | Reached XP level 1. HP: 19/19 MP: 1/1
     0 | D:1      | Identified the Tome of Necromancy
     0 | D:1      | Identified the Incunabulum of Creation
     2 | D:1      | Learned a level 1 spell: Summon Small Mammal
   172 | D:1      | Reached skill level 1 in Unarmed Combat
   314 | D:1      | Reached XP level 2. HP: 27/27 MP: 2/2
   665 | D:1      | Reached skill level 2 in Unarmed Combat
   827 | D:2      | Reached XP level 3. HP: 33/33 MP: 3/3
   956 | D:2      | Reached skill level 3 in Unarmed Combat
  1014 | D:2      | Noticed Ijyb
  1025 | D:2      | Killed Ijyb
  1025 | D:2      | Reached XP level 4. HP: 41/41 MP: 4/4
  1100 | D:2      | Found a faded altar of an unknown god.
  1309 | D:2      | Found an iron altar of Okawaru.
  1318 | D:2      | Became a worshipper of Warmaster Okawaru
  1404 | D:3      | Reached skill level 4 in Unarmed Combat
  1910 | D:3      | Found a glowing silver altar of Zin.
  2013 | D:3      | Found an opulent altar of Gozag.
  2079 | D:3      | Found a runed door.
  2270 | D:3      | Noticed Crazy Yiuf
  2275 | D:3      | Killed Crazy Yiuf
  2275 | D:3      | Reached XP level 5. HP: 48/48 MP: 0/5
  2350 | D:4      | Noticed a phantom
  2384 | D:3      | Killed a phantom
  2384 | D:3      | Reached * piety under Okawaru
  2384 | D:3      | Reached skill level 5 in Unarmed Combat
  2413 | D:4      | Reached XP level 6. HP: 32/55 MP: 6/6
  2416 | D:4      | Reached skill level 6 in Unarmed Combat
  2518 | D:4      | Found a sacrificial altar of Ru.
  2679 | D:4      | Found a staircase to the Ecumenical Temple.
  3163 | Temple   | Entered the Ecumenical Temple
  3183 | D:5      | Entered Level 5 of the Dungeon
  3206 | D:5      | Reached skill level 7 in Unarmed Combat
  3220 | D:5      | Reached XP level 7. HP: 42/62 MP: 7/7
  3265 | D:5      | Reached ** piety under Okawaru
  3284 | D:5      | Reached skill level 8 in Unarmed Combat
  3384 | D:5      | Found a glowing golden altar of the Shining One.
  3500 | D:5      | Reached skill level 9 in Unarmed Combat
  3513 | D:5      | Reached XP level 8. HP: 62/70 MP: 8/8
  3617 | D:5      | Noticed Gorglomux's ghost (novice TrWn)
  3633 | D:5      | Killed Gorglomux's ghost
  3633 | D:5      | Reached skill level 10 in Unarmed Combat
  3891 | D:6      | Noticed Menkaure
  3921 | D:6      | Shot with an arrow by a centaur

Vault maps used:
D:1:      dpeg_chamrin_arrival_tetris
D:2:      marbit_many_paths, chequers_ecumenical_altar_twisty, first_bread,
          uniq_iyjb
D:3:      grunt_gozag_statues, zin_statuary, uniq_crazy_yiuf_cottage
D:4:      kennysheep_little_box, minmay_temple_entry_junction,
          grunt_ministairs_2, hangedman_abyss_or_decor_jellyfish_corner
D:5:      old_forge, tso_metal_star
D:6:      lemuel_doored_altar, uniq_menkaure
Temple:   nicolae_temple_figure_zero

Skill      XL: |  1  2  3  4  5  6  7  8 |
---------------+-------------------------+-----
Unarmed Combat | 1 2 3 4 5 7 9 10 | 10.3
Fighting       | |  1.0
Bows           | |  1.1
Throwing       | |  1.0
Dodging        | |  1.0
Stealth        | |  1.0
Spellcasting   | |  1.0
Summonings     | |  2.1
Transmutations | |  1.0

Action                   |  1- 3 |  4- 6 |  7- 9 || total
-------------------------+-------+-------+-------++-------
Melee: Unarmed           |    94 |   131 |    90 ||   315
       Punch             |     1 |     2 |     6 ||     9
 Fire: Shortbow          |     4 |    16 |       ||    20
 Cast: Summon Small Mamm |    10 |     5 |     8 ||    23
  Use: Scroll            |       |     1 |       ||     1
 Stab: Sleeping          |     2 |     1 |       ||     3
  Eat: Chunk             |    15 |    20 |     7 ||    42
Armor: Robe              |    40 |    43 |    36 ||   119
Dodge: Dodged            |    40 |    45 |    32 ||   117
